 Dungeon Crawl Stone Soup version 0.30-a0-377-g5cb311bc9f (webtiles) character file.

Game seed: 12150372443118152203

2125 avis the Skirmisher (level 8, -5/68 HPs)
             Began as a Demigod Hunter on Dec 1, 2022.
             Killed from afar by an electric eel (11 damage)
             ... with a bolt of electricity
             ... on level 7 of the Dungeon.
             The game lasted 00:34:44 (6978 turns).

avis the Skirmisher (Demigod Hunter)                Turns: 6978, Time: 00:34:44

Health: -5/68      AC:  7    Str: 12    XL:     8   Next: 82%
Magic:  10/10      EV: 12    Int: 17    God:
Gold:   227        SH:  5    Dex: 25    Spells: 7/7 levels left

rFire   . . .      SeeInvis .    a - +0 arbalest
rCold   . . .      Faith    .    (shield currently unavailable)
rNeg    . . .      Spirit   .    D - +0 leather armour {Will+}
rPois   .          Reflect  +    o - +1 helmet
rElec   .          Harm     .    i - +0 cloak
rCorr   +          Rampage  .    (no gloves)
Will    +....                    F - +0 pair of boots
Stlth   +.........               q - amulet of reflection
HPRegen 0.31/turn                r - +6 ring of intelligence
MPRegen 0.12/turn                J - ring of resist corrosion

@: very slow
A: high MP 1, forlorn, divine attributes
a: no special abilities


You were on level 7 of the Dungeon.
You visited 1 branch of the dungeon, and saw 7 of its levels.

You collected 357 gold pieces.
You spent 130 gold pieces at shops.

Inventory:

Hand Weapons
 a - a +0 arbalest (weapon)
 b - a +0 dagger of electrocution
 c - a +2 spear of flaming
 w - a +0 shortbow
 z - a +2 vorpal hand axe
Missiles
 n - a boomerang
 u - 10 poisoned darts
 M - a curare-tipped dart
Armour
 i - a +0 cloak (worn)
 o - a +1 helmet (worn)
 C - a +0 leather armour
 D - a +0 leather armour of willpower (worn)
 F - a +0 pair of boots (worn)
 Q - a +4 ring mail
Magical Staves
 m - a staff of poison
Jewellery
 q - an amulet of reflection (around neck)
 r - a +6 ring of intelligence (left hand)
 x - a ring of flight
 J - a ring of resist corrosion (right hand)
Wands
 k - a wand of roots (11)
 G - a wand of flame (24)
 O - a wand of charming (6)
Scrolls
 d - 2 scrolls of enchant weapon {unknown}
 e - 2 scrolls of butterflies {unknown}
 f - 3 scrolls of noise {unknown}
 h - a scroll of immolation
 l - 2 scrolls of teleportation {unknown}
 p - a scroll of torment {unknown}
 y - a scroll of vulnerability {unknown}
 B - 2 scrolls of enchant armour {unknown}
 E - 2 scrolls of fear {unknown}
 H - a scroll of identify
 I - a scroll of blinking {unknown}
 L - a scroll of amnesia {unknown}
 R - 2 scrolls of magic mapping {unknown}
Potions
 g - 2 potions of haste
 j - a potion of lignification
 s - 2 potions of cancellation
 t - 3 potions of flight
 v - a potion of attraction {unknown}
 A - 2 potions of heal wounds
 K - a potion of might {unknown}
 N - a potion of mutation {unknown}
 P - a potion of curing


   Skills:
 - Level 5.0 Fighting
 * Level 10.4 Ranged Weapons
 - Level 2.0 Dodging
 - Level 2.0 Stealth


You had 7 spell levels left.
You didn't know any spells.
Your spell library contained the following spells:

 Spells                   Type           Power      Damage    Failure   Level
 Magic Dart               Conj           0%         1d3       30%         1
 Call Imp                 Summ           0%         N/A       41%         2
 Cigotuvi's Dreadful Rot  Necr/Pois/Air  0%         N/A       41%         2
 Poisonous Vapours        Pois/Air       0%         N/A       41%         2
 Call Canine Familiar     Summ           0%         N/A       65%         3
 Kindle Blastsparks       Fire/Tloc/Air  0%         2d10      65%         3
 Mephitic Cloud           Conj/Pois/Air  0%         N/A       65%         3
 Portal Projectile        Hex/Tloc       0%         N/A       65%         3
 Fulminant Prism          Conj/Hex       0%         3d5       96%         4
 Ice Form                 Ice/Tmut       0%         N/A       96%         4
 Iskenderun's Mystic Bla  Conj/Tloc      0%         2d3       96%         4
 Leda's Liquefaction      Hex/Erth       0%         N/A       96%         4
 Summon Ice Beast         Ice/Summ       0%         N/A       96%         4
 Lee's Rapid Deconstruct  Erth           0%         3d4*      100%        5
 Summon Horrible Things   Summ           0%         N/A       100%        8


Dungeon Overview and Level Annotations

Branches:
Dungeon (7/15)             Temple (0/1) D:4

Shops:
D:1 ?   D:4 *   D:5 *:


Innate Abilities, Weirdness & Mutations

You have an increased reservoir of magic. (+10% MP)
You shall have no god before yourself.
Your divine heritage dramatically boosts your attributes as you level up.


Message History

Fire: a) +0 arbalest
Press: ? - help, Q - select action, (/) - cycle Shift-Dir - straight line, f/p - electric eel
Aim: an electric eel (water, 52% to hit)
You shoot a bolt.
The bolt hits the electric eel but does no damage.
Fire: a) +0 arbalest
Press: ? - help, Q - select action, (/) - cycle Shift-Dir - straight line, f/p - electric eel
Aim: an electric eel (52% to hit)
You shoot a bolt.
The bolt closely misses the electric eel.
The electric eel shoots out a bolt of lightning at you!
The bolt of electricity hits the electric eel.
The electric eel completely resists.
The bolt of electricity misses you.
The electric eel shoots out a bolt of lightning at you!
The bolt of electricity hits you!
The electric eel shoots out a bolt of lightning at you!
The bolt of electricity hits the electric eel.
The electric eel completely resists.
The bolt of electricity hits you!
The electric eel shoots out a bolt of lightning at you!
The bolt of electricity hits you!
Fire: a) +0 arbalest
Press: ? - help, Q - select action, (/) - cycle Shift-Dir - straight line, f - electric eel, p - electric eel
Aim: an electric eel (water, 52% to hit)
You shoot a bolt. The bolt hits the electric eel.
The electric eel is lightly wounded.
Fire: a) +0 arbalest
Press: ? - help, Q - select action, (/) - cycle Shift-Dir - straight line, f - electric eel
Aim: an electric eel (lightly wounded, 52% to hit)
You shoot a bolt.
The bolt hits the electric eel but does no damage.
The electric eel is lightly wounded.
The electric eel shoots out a bolt of lightning at you!
The bolt of electricity hits the electric eel.
The electric eel completely resists.
The bolt of electricity hits you!
* * * LOW HITPOINT WARNING * * *
The electric eel shoots out a bolt of lightning at you!
The bolt of electricity hits you!
* * * LOW HITPOINT WARNING * * *
The bolt of electricity hits you!
You die...

#~~~#~~# #~~~#~~#
#~~~~~~# ##
#~≈≈~≈~# .~ ##.
#≈~~≈≈≈#.~~ ##..
#≈~~~~≈≈~~~ ##.#.
#≈~~S~S≈~≈~ ##.##P
#~~@# ##..#.~
#~~~# ##.#~.~~
#~~~# ##~~~≈≈~.
##~~# #~~.#≈≈~#
#~## ##~.###.##
##.#####
#....#...#
##....###.........
#....'.+.........
#....'.#(........


You could see 2 electric eels.

Vanquished Creatures
  Grinder (D:6)
  Sigmund (D:3)
  A wyvern (D:6)
  Eustachio (D:4)
  A wraith (D:6)
  Duvessa (D:5)
  An ice beast (D:7)
  A black bear (D:5)
  2 sky beasts (D:7)
  A phantom (D:6)
  A kobold brigand (D:6)
  2 scorpions (D:5)
  Dowan (D:5)
  4 electric eels (D:7)
  2 jellies
  A hound (D:6)
  Jessica (D:3)
  3 iguanas
  An orc wizard (D:4)
  3 gnolls (D:5)
  6 adders
  2 shadow imps
  2 white imps
  2 ufetubi
  2 worms (D:2)
  A dart slug (D:4)
  11 orcs
  6 ball pythons
  4 bats
  4 endoplasms
  3 goblins
  3 hobgoblins
  2 jackals (D:4)
  A quokka (D:5)
  3 frilled lizards
  8 kobolds
  6 rats
96 creatures vanquished.

Vanquished Creatures (others)
  2 plants (D:7)
2 creatures vanquished.

Grand Total: 98 creatures vanquished

Notes
Turn   | Place    | Note
-------+----------+-------------------------------------------
     0 | D:1      | avis the Demigod Hunter began the quest for the Orb.
     0 | D:1      | Reached XP level 1. HP: 17/17 MP: 3/3
   394 | D:1      | Reached skill level 4 in Ranged Weapons
   604 | D:1      | Reached XP level 2. HP: 24/24 MP: 4/4
   949 | D:1      | Found Qoinud's Magic Scroll Boutique.
  1680 | D:2      | Reached XP level 3. HP: 29/29 MP: 5/5
  2173 | D:1      | Bought a scroll of identify for 22 gold pieces
  2369 | D:3      | Noticed Jessica
  2379 | D:3      | Killed Jessica
  2380 | D:3      | Reached skill level 5 in Ranged Weapons
  2683 | D:3      | Reached XP level 4. HP: 36/36 MP: 6/6
  2783 | D:3      | Noticed Sigmund
  2790 | D:3      | Killed Sigmund
  2791 | D:3      | Reached skill level 6 in Ranged Weapons
  2791 | D:3      | Reached XP level 5. HP: 42/42 MP: 7/7
  3524 | D:4      | Found a staircase to the Ecumenical Temple.
  3650 | D:3      | Reached XP level 6. HP: 51/51 MP: 8/8
  3947 | D:4      | Found Pimetid's General Store.
  3951 | D:4      | Bought a +0 arbalest for 54 gold pieces
  4137 | D:5      | Entered Level 5 of the Dungeon
  4190 | D:5      | Noticed Eustachio
  4197 | D:4      | Killed Eustachio
  4198 | D:4      | Reached skill level 7 in Ranged Weapons
  4382 | D:5      | Noticed Duvessa
  4382 | D:5      | Noticed Dowan
  4564 | D:5      | Killed Dowan
  4565 | D:5      | Reached XP level 7. HP: 57/57 MP: 9/9
  4686 | D:5      | Found Oklumn's General Store.
  4689 | D:5      | Bought a +0 pair of boots for 54 gold pieces
  4768 | D:5      | Reached skill level 8 in Ranged Weapons
  4798 | D:5      | Killed Duvessa
  4951 | D:5      | Found Zoroirusk's Tremendous Tomes.
  4954 | D:5      | Got Luetatz's Almanac of Creative Firn
  5057 | D:6      | Noticed a wyvern
  5066 | D:6      | Killed a wyvern
  5373 | D:6      | Noticed a wraith
  5381 | D:6      | Killed a wraith
  5382 | D:6      | Reached skill level 9 in Ranged Weapons
  5382 | D:6      | Reached XP level 8. HP: 44/66 MP: 10/10
  6081 | D:6      | Noticed Grinder
  6084 | D:6      | Killed Grinder
  6085 | D:6      | Reached skill level 10 in Ranged Weapons
  6446 | D:7      | Reached skill level 5 in Fighting
  6456 | D:7      | HP: 2/68 [ice beast (13)]
  6978 | D:7      | Killed from afar by an electric eel

Illustrated notes

Levels and vault maps discovered:
D:1:      minmay_arrival_stair_chambers, layout_loops_corners, serial_shops,
          shop, roderic_serpentine_path, st_stairs_12, minmay_misc_feat_alley,
          grunt_decor_mini_mirrors, chequers_jeans
D:2:      layout_loops_cross, nicolae_underground_beach
D:3:      layout_basic, mainiacjoe_overflow_alcove_2, kennysheep_nondescript,
          kennysheep_cross_bottleneck, item_on_display_a, uniq_jessica,
          uniq_sigmund
D:4:      layout_basic, minmay_temple_entry_mini_moons, serial_shops, shop
D:5:      layout_rooms, serial_shops, nicolae_shop_behind_doors,
          nicolae_shop_i_like_big_books, uniq_eustachio, uniq_duvessa
D:6:      layout_layer_cave, kiku_gazebo_garden_becter, uniq_grinder
D:7:      wad_lake_hut, layout_basic

Skill      XL: |  1  2  3  4  5  6  7  8 |
---------------+-------------------------+-----
Ranged Weapons | 4 5 6 7 9 10 | 10.4
Fighting       | 2 3 4 5 |  5.0
Dodging        | 2 |  2.0
Stealth        | 2 |  2.0

Action                   |  1- 3 |  4- 6 |  7- 9 || total
-------------------------+-------+-------+-------++-------
Melee: Dagger            |     9 |       |       ||     9
 Fire: Shortbow          |    78 |    45 |       ||   123
       Arbalest          |       |    29 |   134 ||   163
  Use: Scroll            |     2 |     3 |     1 ||     6
       Potion            |     1 |     1 |       ||     2
Armor: Leather armour    |     2 |    10 |    34 ||    46
       Skin              |       |     3 |       ||     3
Dodge: Dodged            |    21 |    13 |    50 ||    84
Block: Other             |       |     6 |    12 ||    18
       Reflection        |       |     1 |       ||     1

Table legend: (Time is in decaauts)
 A = Elapsed time spent in this place.
 B = Non-inter-level travel time spent in this place.
 C = Inter-level travel time spent in this place.
 D = Time resting spent in this place.
 E = Time spent auto-exploring this place.
 F = Levels seen in this place.
 G = Mean time per level.
                   A        B        C        D        E       F      G
               +--------+--------+--------+--------+--------+-----+--------+
         Total |   7125 |   6360 |    765 |   1261 |   3891 |   7 | 1017.9 |
       Dungeon |   7125 |   6360 |    765 |   1261 |   3891 |   7 | 1017.9 |
               +--------+--------+--------+--------+--------+-----+--------+

Top non-repeatable levels by time:
     D:6: 1535 daAuts
     D:1: 1351 daAuts
     D:3: 1194 daAuts
     D:4: 1002 daAuts
     D:2: 909 daAuts
     D:5: 715 daAuts
     D:7: 416 daAuts
